 Dungeon Crawl Stone Soup version 0.28.0-53-g5a82cb258f (webtiles) character file.

Game seed: 5998600742006615870

266 Gabide the Ducker (level 6, 0/53 HPs)
             Began as a Gnoll Monk on May 30, 2022.
             Succumbed to a kobold's poison
             ... on level 3 of the Dungeon.
             The game lasted 00:03:31 (2227 turns).

Gabide the Ducker (Gnoll Monk)                      Turns: 2227, Time: 00:03:31

Health: 0/53       AC:  7    Str: 10    XL:     6   Next: 20%
Magic:  8/8        EV: 15    Int: 10    God:
Gold:   131        SH:  0    Dex: 16    Spells: 8/8 levels left

rFire   . . .      SeeInvis .   a - +0 spear
rCold   . . .      Faith    .   (no shield)
rNeg    . . .      Spirit   .   b - +0 robe
rPois   .          Reflect  .   (no helmet)
rElec   .          Harm     .   k - +0 cloak {Stlth+}
rCorr   .          Rampage  .   j - +2 pair of gloves
Will    .....                   h - +0 pair of boots
Stlth   ++++......              (no amulet)
HPRegen 0.17/turn               (no ring)
MPRegen 0.11/turn               (no ring)

@: lethally poisoned (0 -> -17)
A: fangs 1, strong nose, distributed training
a: no special abilities


You were on level 3 of the Dungeon.
You visited 1 branch of the dungeon, and saw 3 of its levels.

You collected 131 gold pieces.

Inventory:

Hand Weapons
 a - a +0 spear (weapon)
Armour
 b - a +0 robe (worn)
 h - a +0 pair of boots (worn)
 j - a +2 pair of gloves (worn)
 k - a +0 cloak of stealth (worn)
Scrolls
 c - a scroll of noise
 d - a scroll of amnesia
Potions
 e - a potion of cancellation
 g - a potion of brilliance


   Skills:
 + Level 6.8 Fighting
 + Level 1.8 Short Blades
 + Level 1.8 Long Blades
 + Level 1.8 Axes
 + Level 1.8 Maces & Flails
 + Level 6.8 Polearms
 + Level 1.8 Staves
 + Level 1.8 Slings
 + Level 1.8 Bows
 + Level 1.8 Crossbows
 + Level 1.8 Throwing
 + Level 1.8 Armour
 + Level 6.8 Dodging
 + Level 4.5 Stealth
 + Level 1.8 Shields
 + Level 1.8 Unarmed Combat
 + Level 1.8 Spellcasting
 + Level 1.4 Conjurations
 + Level 1.4 Hexes
 + Level 1.4 Summonings
 + Level 1.4 Necromancy
 + Level 1.4 Translocations
 + Level 1.4 Transmutations
 + Level 1.4 Fire Magic
 + Level 1.4 Ice Magic
 + Level 1.4 Air Magic
 + Level 1.4 Earth Magic
 + Level 1.4 Poison Magic
 + Level 2.0 Invocations
 + Level 1.8 Evocations


You had 8 spell levels left.
You didn't know any spells.
Your spell library contained the following spells:

 Spells                   Type           Power      Damage    Failure   Level
 Magic Dart               Conj           12%        1d3       17%         1
 Searing Ray              Conj           6%         2d4       26%         2
 Fulminant Prism          Conj/Hex       1%         3d6       86%         4


Dungeon Overview and Level Annotations

Branches:
Dungeon (3/15)

Altars:
Beogh

Annotations:
D:3 Natasha


Innate Abilities, Weirdness & Mutations

You have very sharp teeth.
Your uncanny sense of smell can sniff out nearby items.
Your experience applies equally to all skills.


Message History

You completely miss the orc.
The orc is lightly wounded.
You hit the orc. You bite the orc, but do no damage.
The orc is moderately wounded.
The orc wizard mumbles some strange words.
The orc wizard flickers and vanishes!
Deactivating autopickup; reactivate with Ctrl-A.
The orc hits you with a +0 vorpal hand axe.
* * * LOW HITPOINT WARNING * * *
x2 Unknown command.
Unknown command.
Unknown command.
Unknown command.
Natasha casts a spell.
Natasha mumbles some strange words.
Natasha glows brightly for a moment.
Natasha wildly gestures.
Natasha shimmers violently.
Natasha casts a spell.
Natasha mumbles some strange words.
Natasha mumbles some strange words.
The white imp disappears for a moment.
You feel your willpower return.
You closely miss the orc. The orc hits you but does no damage.
Natasha mumbles some strange words.
The orc hits you with a +0 vorpal hand axe.
* * * LOW HITPOINT WARNING * * *
x2 Natasha mumbles some strange words.
The orc hits you with a +0 vorpal hand axe.
* * * LOW HITPOINT WARNING * * *
x2 Natasha mumbles some strange words.
The kobold throws a poisoned dart.
The poisoned dart hits you!
You are lethally poisoned!
* * * LOW HITPOINT WARNING * * *
You feel very sick.
The kobold throws a poisoned dart.
The poisoned dart hits you!
You are more poisoned.
* * * LOW HITPOINT WARNING * * *
You feel very sick.
You die...

.#.............#
...###........##
.......)......#
#..###........#
..............#
#.>###........#
...#..........#
...#.......K(.#########
..(...#.#5..h.o.@.....#
...####K#############.#
h...K...#.....#
#.########
....#####.###.#
#.#......# ....#
#.#.#.# #.#.####.#
....# #...#.#######.#.#
#.# ....#
#####.#.#.......#.# #.#
#####
#.........#######.# #.#
#.........#.......# #.#


You could see Natasha, a shadow imp (summoned), an orc and a kobold.

Vanquished Creatures
  An ogre (D:3)
  2 orc priests (D:3)
  5 adders
  A worm (D:3)
  4 dart slugs
  An orc (D:3)
  6 endoplasms
  8 giant cockroaches (D:1)
  A goblin (D:1)
  4 hobgoblins
  4 kobolds
  6 quokkas
  7 ball pythons
  11 bats
  6 frilled lizards
  4 rats
71 creatures vanquished.

Notes
Turn   | Place    | Note
-------+----------+-------------------------------------------
     0 | D:1      | Gabide the Gnoll Monk began the quest for the Orb.
     0 | D:1      | Reached XP level 1. HP: 23/23 MP: 1/1
   113 | D:1      | Reached XP level 2. HP: 29/29 MP: 2/2
   382 | D:1      | Reached XP level 3. HP: 35/35 MP: 3/3
   659 | D:1      | Found a faded altar of an unknown god.
   804 | D:2      | Reached skill level 1 in Invocations
   874 | D:2      | Reached skill level 1 in Short Blades
   874 | D:2      | Reached skill level 1 in Long Blades
   874 | D:2      | Reached skill level 1 in Axes
   874 | D:2      | Reached skill level 1 in Maces & Flails
   874 | D:2      | Reached skill level 1 in Staves
   874 | D:2      | Reached skill level 1 in Slings
   874 | D:2      | Reached skill level 1 in Bows
   874 | D:2      | Reached skill level 1 in Crossbows
   874 | D:2      | Reached skill level 1 in Throwing
   874 | D:2      | Reached skill level 1 in Armour
   874 | D:2      | Reached skill level 1 in Shields
   874 | D:2      | Reached skill level 1 in Unarmed Combat
   874 | D:2      | Reached skill level 1 in Spellcasting
   874 | D:2      | Reached skill level 1 in Evocations
   972 | D:2      | Reached XP level 4. HP: 41/41 MP: 5/5
  1164 | D:2      | Reached skill level 1 in Conjurations
  1164 | D:2      | Reached skill level 1 in Hexes
  1164 | D:2      | Reached skill level 1 in Summonings
  1164 | D:2      | Reached skill level 1 in Necromancy
  1164 | D:2      | Reached skill level 1 in Translocations
  1164 | D:2      | Reached skill level 1 in Transmutations
  1164 | D:2      | Reached skill level 1 in Fire Magic
  1164 | D:2      | Reached skill level 1 in Ice Magic
  1164 | D:2      | Reached skill level 1 in Air Magic
  1164 | D:2      | Reached skill level 1 in Earth Magic
  1164 | D:2      | Reached skill level 1 in Poison Magic
  1590 | D:3      | Reached XP level 5. HP: 39/47 MP: 6/6
  1836 | D:3      | Noticed an ogre
  1853 | D:3      | Killed an ogre
  2148 | D:3      | Reached XP level 6. HP: 39/53 MP: 8/8
  2149 | D:3      | Noticed Natasha
  2227 | D:3      | Succumbed to a kobold's poison

Illustrated notes

Levels and vault maps discovered:
D:1:      giann_wishing_wells, layout_rooms,
          hellmonk_ecumenical_altar_defaced_shrine
D:2:      layout_rooms, minmay_curled_crystal, minmay_misc_feat_pillars,
          minmay_small_reverse_x
D:3:      layout_basic, uniq_natasha

Skill      XL: |  1  2  3  4  5 |
---------------+----------------+-----
Invocations    | 1 2 |  2.0
Short Blades   | 1 |  1.8
Long Blades    | 1 |  1.8
Axes           | 1 |  1.8
Maces & Flails | 1 |  1.8
Staves         | 1 |  1.8
Slings         | 1 |  1.8
Bows           | 1 |  1.8
Crossbows      | 1 |  1.8
Throwing       | 1 |  1.8
Armour         | 1 |  1.8
Shields        | 1 |  1.8
Unarmed Combat | 1 |  1.8
Spellcasting   | 1 |  1.8
Evocations     | 1 |  1.8
Conjurations   | 1 |  1.4
Hexes          | 1 |  1.4
Summonings     | 1 |  1.4
Necromancy     | 1 |  1.4
Translocations | 1 |  1.4
Transmutations | 1 |  1.4
Fire Magic     | 1 |  1.4
Ice Magic      | 1 |  1.4
Air Magic      | 1 |  1.4
Earth Magic    | 1 |  1.4
Poison Magic   | 1 |  1.4
Fighting       | |  6.8
Polearms       | |  6.8
Dodging        | |  6.8
Stealth        | |  4.5

Action                   |  1- 3 |  4- 6 || total
-------------------------+-------+-------++-------
Melee: Spear             |   134 |   131 ||   265
       Bite              |     8 |    12 ||    20
       Punch             |     2 |     4 ||     6
  Use: Scroll            |     1 |     5 ||     6
       Potion            |       |     1 ||     1
 Stab: Sleeping          |    10 |    15 ||    25
Armor: Robe              |    16 |    11 ||    27
       Skin              |       |     3 ||     3
Dodge: Dodged            |    66 |    48 ||   114
